 Dungeon Crawl Stone Soup version 0.23.0-2-g0fe3ce5 (webtiles) character file.

Game seed: 9450988608836344354

16862 xccam the Martial Artist (level 12, -1/72 HPs)
             Began as an Octopode Transmuter on Feb 19, 2019.
             Was a High Priest of Hepliaklqana.
             Slain by a manticore (24 damage)
             ... on level 13 of the Dungeon.
             The game lasted 00:47:08 (15104 turns).

xccam the Martial Artist (Octopode Transmuter)     Turns: 15104, Time: 00:47:09

Health: -1/72      AC:  3    Str: 12    XL:     12   Next: 42%
Magic:  15/16      EV: 21    Int: 22    God:    Hepliaklqana [*****.]
Gold:   796        SH:  5    Dex: 11    Spells: 3/17 levels left

rFire    . . .     SeeInvis +     - Unarmed
rCold    . . .     Gourm    .   y - +0 buckler
rNeg     . . .     Faith    +   (helmet restricted)
rPois    +         Spirit   .   E - amulet of faith
rElec    +         Reflect  .   f - +2 ring of strength
rCorr    +         Harm     .   v - +4 ring of evasion
MR       +....                  z - ring of see invisible
Stlth    ++++......             D - ring of protection from magic
HPRegen  0.22/turn              d - ring "Banophys" {rElec rPois Int+6 Dex-5 Stlth-}
MPRegen  0.15/turn              Q - ring of resist corrosion
                                (no ring)
                                (no ring)

@: appendage, studying Unarmed Combat
A: almost no armour, stealthy swim, amphibious, 8 rings, constrict 8, reduced
essence, tentacle spike 3, thin metallic scales 1, camouflage 1, screaming 1,
gelatinous body 1
a: End Transformation, Recall Ancestor, Ancestor Identity, Transference,
Idealise, Renounce Religion


You were on level 13 of the Dungeon.
You worshipped Hepliaklqana.
Hepliaklqana was extremely pleased with you.
You were not hungry.
One of your tentacles had a temporary spike.
You visited 2 branches of the dungeon, and saw 14 of its levels.

You collected 796 gold pieces.

Inventory:

Hand Weapons
 r - a +2 short sword of venom
Missiles
 a - 253 arrows
Armour
 g - a +2 shield
 y - a +0 buckler (worn)
Jewellery
 d - the ring "Banophys" (on tentacle) {rElec rPois Int+6 Dex-5 Stlth-}
   (You found it on level 6 of the Dungeon)

   [ring of attention]

   It affects your intelligence (+6).
   It affects your dexterity (-5).
   It insulates you from electricity.
   It protects you from poison.
   It makes you less stealthy.
 f - a +2 ring of strength (left tentacle)
 v - a +4 ring of evasion (right tentacle)
 z - a ring of see invisible (on tentacle)
 D - a ring of protection from magic (on tentacle)
 E - an amulet of faith (around mantle)
 Q - a ring of resist corrosion (on tentacle)
Wands
 i - a wand of polymorph (5)
 B - a wand of random effects (1)
 F - a wand of acid (14)
 N - a wand of paralysis (18)
 R - a wand of clouds (5)
 S - a wand of scattershot (3)
 V - a wand of digging (1)
Scrolls
 e - 2 scrolls of fear
 h - 8 scrolls of teleportation
 j - 2 scrolls of noise {unknown}
 k - a scroll of magic mapping {unknown}
 m - 3 scrolls of blinking {unknown}
 o - 3 scrolls of amnesia {unknown}
 p - 4 scrolls of remove curse {unknown}
 w - 4 scrolls of enchant armour {unknown}
 A - a scroll of random uselessness {unknown}
 C - a scroll of fog
 G - 4 scrolls of vulnerability {unknown}
 M - a scroll of brand weapon {unknown}
 P - a scroll of immolation {unknown}
 W - a scroll of enchant weapon {unknown}
Potions
 b - 2 potions of mutation
 l - 3 potions of degeneration
 n - 3 potions of flight
 q - 3 potions of brilliance
 s - 4 potions of heal wounds
 t - 2 potions of agility
 u - a potion of resistance
 x - 2 potions of magic
 H - 3 potions of lignification
 I - a potion of berserk rage {unknown}
 J - 2 potions of haste
 K - 2 potions of might
 L - a potion of curing {unknown}
 T - 2 potions of ambrosia
 U - a potion of invisibility {unknown}
Books
 O - a manual of Unarmed Combat
Comestibles
 c - 18 rations
 X - 4 chunks of flesh


   Skills:
 + Level 6.7 Fighting
 + Level 9.4 Dodging
 - Level 8.1 Stealth
 - Level 5.1 Shields
 + Level 11.2 Unarmed Combat
 + Level 3.2 Spellcasting
 - Level 2.0 Charms
 + Level 9.3 Transmutations
 + Level 1.6 Ice Magic
 - Level 2.1 Air Magic
 + Level 2.9 Invocations


You had 3 spell levels left.
You knew the following spells:

 Your Spells              Type           Power        Failure   Level  Hunger
a - Beastly Appendage     Tmut           #####.       1%          1    None
b - Sticks to Snakes      Tmut           #####...     1%          2    ##.....
c - Swiftness             Chrm/Air       ##......     8%          2    ##.....
d - Blade Hands           Tmut           #####.....   7%          5    ######.
e - Ice Form              Ice/Tmut       ####....     13%         4    ####...

Your spell library contained the following spells:

 Spells                   Type           Power        Failure   Level  Hunger
 Spider Form              Tmut/Pois      ###.......   5%          3    ###....
 Shock                    Conj/Air       #...         8%          1    None
 Static Discharge         Conj/Air       #.......     24%         3    ###....
 Airstrike                Air            ##........   45%         4    ####...
 Lightning Bolt           Conj/Air       #.........   91%         5    ######.


Dungeon Overview and Level Annotations

Branches:
Dungeon (13/15)            Temple (1/1) D:6            Lair (0/6) D:8
    Orc (0/2) D:11
 Vaults: D:13-14

Altars:
Ashenzari
Cheibriados
Dithmenos
Elyvilon
Fedhas
Gozag
Hepliaklqana
Kikubaaqudgha
Makhleb
Nemelex Xobeh
Okawaru
Qazlal
Ru
Sif Muna
Trog
Uskayaw
Vehumet
Wu Jian
Xom
Yredelemnul
Zin
The Shining One

Shops:
D:4 %   D:7 =   D:8 }*

Portals:
Trove: D:11 (give 5 potions of resistance)

Annotations:
D:7 2 transporters
D:13 1 transporter, Arum's ghost, journeyman FoFi


Innate Abilities, Weirdness & Mutations

You cannot wear most types of armour.
You are very stealthy in the water. (Stealth+)
You are amphibious.
You can wear up to eight rings at the same time.
You can use your tentacles to constrict eight enemies at once.
Your skin changes colour to match your surroundings (Stealth+).
Your rubbery body absorbs attacks. (AC +1, EV +1)
Your life essence is reduced to manifest your ancestor. (-10% HP)
One of your tentacles bears a large vicious spike.
You are partially covered in thin metallic scales. (AC +2)
You occasionally shout uncontrollably at your foes.


Message History

Confirm with . or Enter, or press ? or * to list all spells.
One of your tentacles grows a vicious spike.
The manticore bites you!! The manticore misses you. The manticore claws you!
Unknown command.
Ealamassi gestures at the manticore while chanting.
The manticore seems to slow down.
The manticore flicks its tail.
The volley of spikes hits Ealamassi!
Unknown command.
The manticore bites you. The manticore misses you. The manticore claws you.
Unknown command.
You barely miss the manticore.
You pierce the manticore, but do no damage.
Ealamassi hits the manticore but does no damage.
Arum's ghost says, "They lied to you.
The Dungeon just goes down and down forever."
Unknown command.
You tentacle-slap the manticore but do no damage.
Your tentacle spike misses the manticore.
The manticore bites you!!
You die...

##..###### .# ####
.........##.# #####
...........# #.##.
#........# #.##. #
#........## #.÷.. #.
#.........###.... ###..
#..............##
......##........©.......
......H@..#############.
.......R..#WyzZZ[y[..©#.
.##...#...#Wyyyyy.....#.
#...#...#Vp##Z..##.$#.
#.. #...#z.#8Z..8#..#.
#.. #...#..##...##..#.
#. #...#.....©.. ..#. #.
#...#..##


You could see the friendly Ealamassi the hexer, a death knight, a vampire
knight, 2 skeletal warriors, a manticore, a phantasmal warrior, a spectral wolf
spider, 4 vampire mosquitoes and Arum's ghost.

Vanquished Creatures
  Harold (D:8)
  Erica (D:9)
  3 two-headed ogres
  Sonja (D:12)
  The ghost of bmj180 the Spear-Bearer, a novice MiFi of Hepliaklqana (D:7)
  An unseen horror (D:11)
  An orc knight (D:11)
  An ugly thing (D:11)
  A centaur zombie (D:11)
  Joseph (D:7)
  Psyche (D:8)
  Prince Ribbit (D:7)
  A troll (D:8)
  A hippogriff (D:11)
  A spriggan (D:7)
  A shadow (D:11)
  A wyvern (D:11)
  6 yaks
  Grum (D:8)
  4 ice beasts
  An eye of draining (D:9)
  3 orc warriors (D:11)
  A phantom (D:11)
  3 sky beasts
  6 ogres
  6 wolves (D:8)
  5 centaurs
  3 crocodiles
  3 big kobolds
  6 bullfrogs
  A wyvern skeleton (D:12)
  6 scorpions
  12 killer bees
  3 vampire bats (D:4)
  7 wights
  2 electric eels (D:8)
  3 crimson imps
  A quasit (D:10)
  7 hounds
  A bullfrog skeleton (D:5)
  An orc priest (D:3)
  A jelly (D:9)
  6 orc wizards
  2 iguanas
  Terence (D:2)
  4 worker ants
  2 killer bee zombies
  A worker ant zombie (D:10)
  11 adders
  2 gnolls (D:6)
  3 shadow imps
  An adder zombie (D:7)
  2 adder skeletons
  3 worms
  A dart slug (D:1)
  2 leopard geckos
  22 orcs
  3 ball pythons
  5 bats
  3 bat skeletons (D:4)
  2 bat zombies (D:4)
  6 giant cockroaches
  6 goblins
  6 hobgoblins
  22 jackals
  8 quokkas
  5 frilled lizards
  16 kobolds
  6 rats
263 creatures vanquished.

Vanquished Creatures (collateral kills)
  A cyclops (D:11)
  An ugly thing (D:13)
  A hippogriff (D:13)
  A shadow (D:12)
  A basilisk (D:12)
  A yak (D:11)
  A steam dragon (D:12)
  An ice beast (D:7)
  An orc warrior (D:11)
  A wolf (D:8)
  A centaur (D:12)
  2 bullfrogs
  A scorpion (D:13)
  2 killer bees
  2 wights (D:8)
  2 electric eels (D:8)
  A spectral bullfrog (D:7)
  An orc priest (D:11)
  An orc wizard (D:11)
  3 hounds
  A bullfrog skeleton (D:7)
  An iguana (D:6)
  A hound skeleton (D:6)
  A gnoll (D:6)
  A shadow imp (D:7)
  5 orcs
  3 jackals (D:11)
39 creatures vanquished.

Vanquished Creatures (others)
  5 hexers
  3 ancestors
8 creatures vanquished.

Grand Total: 310 creatures vanquished

Notes
Turn   | Place    | Note
-------+----------+-------------------------------------------
     0 | D:1      | xccam the Octopode Transmuter began the quest for the Orb.
     0 | D:1      | Reached XP level 1. HP: 13/13 MP: 3/3
   160 | D:1      | Reached XP level 2. HP: 17/18 MP: 5/5
   442 | D:1      | Reached skill level 4 in Unarmed Combat
   449 | D:1      | Reached XP level 3. HP: 20/23 MP: 6/6
   458 | D:1      | Learned a level 2 spell: Sticks to Snakes
   941 | D:2      | Noticed Terence
   943 | D:2      | Reached XP level 4. HP: 18/28 MP: 7/7
  1324 | D:2      | Killed Terence
  2141 | D:3      | Noticed a centaur
  2151 | D:3      | Killed a centaur
  2151 | D:3      | Reached skill level 5 in Unarmed Combat
  2151 | D:3      | Reached XP level 5. HP: 8/33 MP: 8/8
  2586 | D:3      | Reached XP level 6. HP: 37/38 MP: 9/9
  3502 | D:3      | Reached skill level 5 in Transmutations
  3898 | D:4      | Found Gigip's Food Emporium.
  4075 | D:4      | Reached skill level 1 in Shields
  4075 | D:4      | Reached XP level 7. HP: 28/43 MP: 10/10
  4276 | D:4      | Found a white marble altar of Elyvilon.
  4279 | D:4      | Found a glowing silver altar of Zin.
  4282 | D:4      | Found a stormy altar of Qazlal.
  4296 | D:4      | Found a blossoming altar of Fedhas.
  4381 | D:4      | Found an ancient bone altar of Kikubaaqudgha.
  4597 | D:5      | Entered Level 5 of the Dungeon
  4846 | D:5      | Reached XP level 8. HP: 48/48 MP: 11/11
  5039 | D:6      | Gained mutation: Your spells are a little easier to cast,
                  | but a little less powerful. [potion of mutation]
  5039 | D:6      | Gained mutation: You are dopey. (Int -2) [potion of
                  | mutation]
  5039 | D:6      | Gained mutation: You are clumsy. (Dex -2) [potion of
                  | mutation]
  5039 | D:6      | Gained mutation: You possess an exceptional clarity of
                  | mind. [potion of mutation]
  5040 | D:6      | Lost mutation: You are clumsy. (Dex -2) [potion of
                  | mutation]
  5040 | D:6      | Lost mutation: You possess an exceptional clarity of mind.
                  | [potion of mutation]
  5040 | D:6      | Lost mutation: You are dopey. (Int -2) [potion of mutation]
  5040 | D:6      | Lost mutation: Your spells are a little easier to cast, but
                  | a little less powerful. [potion of mutation]
  5040 | D:6      | Gained mutation: You occasionally shout uncontrollably at
                  | your foes. [potion of mutation]
  5040 | D:6      | Gained mutation: You are partially covered in thin metallic
                  | scales. (AC +2) [potion of mutation]
  5070 | D:6      | Got a heavily runed pewter ring
  5075 | D:5      | Identified the ring "Banophys" {rElec rPois Int+6 Dex-5
                  | Stlth-} (You found it on level 6 of the Dungeon)
  5439 | D:6      | Found a stormy altar of Qazlal.
  5470 | D:6      | Found a staircase to the Ecumenical Temple.
  5485 | Temple   | Entered the Ecumenical Temple
  5538 | Temple   | Became a worshipper of Hepliaklqana the Forgotten
  5664 | D:6      | Found a burning altar of Makhleb.
  5873 | D:6      | Learned a level 2 spell: Swiftness
  5912 | D:7      | Reached skill level 6 in Unarmed Combat
  6061 | D:7      | Noticed a slime creature
  6062 | D:7      | Found a transporter.
  6066 | D:7      | Found a transporter.
  6072 | D:7      | Noticed an ogre mage
  6073 | D:7      | Found a deep blue altar of Sif Muna.
  6132 | D:7      | Reached * piety under Hepliaklqana
  6139 | D:7      | Found Dyshritz's Jewellery Emporium.
  6183 | D:7      | Noticed a spriggan baker
  6186 | D:7      | Noticed Prince Ribbit
  6193 | D:7      | Killed a spriggan baker
  6193 | D:7      | Reached skill level 5 in Shields
  6196 | D:7      | Killed Prince Ribbit
  6196 | D:7      | Reached XP level 9. HP: 24/52 MP: 12/12
  6449 | D:7      | Found a shattered altar of Ashenzari.
  6463 | D:7      | Noticed Joseph
  6472 | D:7      | Killed Joseph
  6472 | D:7      | Reached skill level 5 in Dodging
  6472 | D:7      | Reached skill level 7 in Unarmed Combat
  6597 | D:7      | Found a runed translucent gate.
  6597 | D:7      | Found a runed translucent gate.
  6598 | D:7      | Found a runed translucent gate.
  6602 | D:7      | Noticed bmj180's ghost (novice MiFi)
  6998 | D:7      | Killed bmj180's ghost
  6998 | D:7      | Reached skill level 5 in Fighting
  7273 | D:8      | Found Nyah's Gadget Boutique.
  7306 | D:8      | Found Xulokek's Lightly-Used Armoury.
  7306 | D:8      | Noticed Harold
  7308 | D:8      | Noticed Psyche
  7370 | D:8      | Killed Psyche
  7370 | D:8      | Reached skill level 8 in Unarmed Combat
  7370 | D:8      | Reached XP level 10. HP: 27/61 MP: 9/13
  7610 | D:8      | Killed Harold
  8323 | D:8      | Noticed Grum
  8333 | D:8      | Killed Grum
  8350 | D:8      | Reached skill level 5 in Stealth
  8734 | D:8      | Found a sacrificial altar of Ru.
  8735 | D:8      | Found a shadowy altar of Dithmenos.
  8831 | D:8      | Found a staircase to the Lair.
  8966 | D:8      | Found a sparkling altar of Nemelex Xobeh.
  8967 | D:8      | Found an opulent altar of Gozag.
  9101 | D:8      | Reached ** piety under Hepliaklqana
  9102 | D:8      | Remembered your ancestor Ealamassi as a hexer
  9120 | D:8      | Reached skill level 9 in Unarmed Combat
  9122 | D:8      | Found a bloodstained altar of Trog.
  9509 | D:9      | Noticed Erica
  9519 | D:9      | Killed Erica
  9519 | D:9      | Reached XP level 11. HP: 55/64 MP: 12/14
  9584 | D:9      | Noticed a two-headed ogre
  9602 | D:9      | Killed a two-headed ogre
 10349 | D:10     | Entered Level 10 of the Dungeon
 10378 | D:10     | Learned a level 5 spell: Blade Hands
 10421 | D:10     | Reached *** piety under Hepliaklqana
 10530 | D:10     | Noticed a two-headed ogre
 10545 | D:10     | Killed a two-headed ogre
 11044 | D:11     | Noticed a two-headed ogre
 11056 | D:11     | Killed a two-headed ogre
 11056 | D:11     | Reached skill level 10 in Unarmed Combat
 11056 | D:11     | Reached skill level 1 in Charms
 11056 | D:11     | Reached skill level 1 in Air Magic
 11225 | D:11     | Found a staircase to the Orcish Mines.
 11333 | D:11     | Found a portal to a secret trove of treasure.
 11717 | D:11     | Reached **** piety under Hepliaklqana
 11859 | D:11     | Noticed an unseen horror
 11880 | D:11     | Killed an unseen horror
 12185 | D:11     | Noticed a cyclops
 12197 | D:11     | Reached skill level 1 in Invocations
 12210 | D:11     | Noticed an orc knight
 12217 | D:11     | Killed a cyclops
 12244 | D:11     | Reached XP level 12. HP: 23/71 MP: 10/15
 13377 | D:12     | HP: 2/72 [centaur/arrow (2)]
 13697 | D:11     | Learned a level 4 spell: Ice Form
 14010 | D:12     | Noticed Sonja
 14127 | D:12     | Reached skill level 11 in Unarmed Combat
 14153 | D:12     | Killed Sonja
 14153 | D:12     | Reached skill level 1 in Ice Magic
 14199 | D:12     | Found a hazy altar of Hepliaklqana.
 14918 | D:13     | Reached ***** piety under Hepliaklqana
 15071 | D:13     | Noticed a vampire knight
 15072 | D:13     | Found a transporter.
 15081 | D:13     | Noticed a death knight
 15082 | D:13     | Noticed Arum's ghost (journeyman FoFi)
 15104 | D:13     | Slain by a manticore

Skill      XL: |  1  2  3  4  5  6  7  8  9 10 11 12 |
---------------+-------------------------------------+-----
Unarmed Combat | 4 5 6 8 9 10 11 | 11.2
Transmutations | 3 4 5 6 7 9 |  9.3
Shields        | 1 4 5 |  5.1
Fighting       | 3 5 6 |  6.7
Dodging        | 4 6 7 9 |  9.4
Stealth        | 2 7 8 |  8.1
Charms         | 2 |  2.0
Air Magic      | 2 |  2.1
Invocations    | 1 2 |  2.9
Spellcasting   | 3 |  3.2
Ice Magic      | 1 |  1.6

Action                   |  1- 3 |  4- 6 |  7- 9 | 10-12 || total
-------------------------+-------+-------+-------+-------++-------
Melee: Unarmed           |    65 |   169 |   198 |   522 ||   954
       Constrict         |    16 |    42 |    49 |    89 ||   196
       Tentacles         |    12 |    38 |    29 |    85 ||   164
       Punch             |     3 |     7 |    13 |    41 ||    64
       Kick              |     1 |     3 |    22 |    62 ||    88
 Cast: Beastly Appendage |     1 |     1 |    11 |    20 ||    33
       Sticks to Snakes  |       |       |     9 |     8 ||    17
       Swiftness         |       |       |       |     2 ||     2
       Blade Hands       |       |       |       |     1 ||     1
Invok: Ancestor Life: He |       |       |       |     1 ||     1
Evoke: Wand              |       |       |     8 |     8 ||    16
  Use: Potion            |       |       |     3 |     2 ||     5
       Scroll            |       |       |    12 |     4 ||    16
 Stab: Sleeping          |     6 |     5 |     2 |    14 ||    27
       Distracted        |       |       |     1 |     3 ||     4
       Confused          |       |       |       |     3 ||     3
  Eat: Chunk             |       |     5 |     7 |    12 ||    24
       Ration            |       |     1 |     2 |     4 ||     7
Armor: Skin              |     4 |    12 |    11 |    23 ||    50
Dodge: Dodged            |    39 |   110 |   152 |   348 ||   649
Block: Buckler           |       |     3 |    34 |    93 ||   130
